Map: Para Site LE

Players

TYTY (TY) - Winner!

  • Race: Terran Terran
  • League: Master
  • Spawn Location: 11:00

Classic

  • Race: Protoss Protoss
  • League: Master
  • Spawn Location: 5:00

Event: IEM Season 13 - Katowice Server Qualifiers Asia 2

VOD

Have the link to the VOD?

Description

Time

  • Played on: Jan. 22, 2019, 6:15 a.m.
  • Length: 14:19

All games in this series

Show
View Real Time Build Order
Export as new Build Order

TYTY Terran - Winner!

Build Orders: Cyclone Opening 

Get SALT Encoding   

  12  0:00  SCV  
  13  0:12  SCV  
  14  0:17  Supply Depot  
  14  0:24  SCV  
  15  0:39  SCV  
  15  0:41  Barracks  
  16  0:47  Refinery  
  16  0:51  SCV  
  16  0:55  Refinery  
  17  1:03  SCV  
  18  1:15  SCV  
  19  1:28  Reaper  
  19  1:29  Orbital Command  
  20  1:43  Factory  
  20  1:49  Supply Depot  
  20  1:54  SCV  
  20  2:00  Reaper  
  22  2:07  SCV  
  23  2:19  SCV  
  24  2:29  Factory Tech Lab  
  24  2:30  Command Center  
  24  2:31  SCV  
  25  2:43  SCV  
  26  2:47  Cyclone  
  29  2:53  Starport  
  29  2:55  SCV  
  30  2:59  Supply Depot  
  30  3:07  SCV  
  30  3:12  Liberator  
  31  3:17  Barracks  
  31  3:21  SCV  
  32  3:33  SCV  
  36  3:40  Cyclone  
  39  3:42  Orbital Command  
  39  3:47  SCV  
  40  3:57  Barracks Reactor  
  40  3:59  SCV  
  40  4:01  Barracks  
  41  4:04  Barracks Tech Lab  
  41  4:08  SCV, Supply Depot  
  42  4:11  SCV  
  43  4:17  Siege Tank  
  43  4:21  SCV  
  43  4:23  Marine, SCV  
  49  4:27  Starport Tech Lab  
  49  4:32  Viking  
  49  4:33  SCV, Supply Depot  
  49  4:34  Marine  
  49  4:35  Marine  
  49  4:37  SCV  
  55  4:39  Refinery  
  55  4:41  Marine  
  56  4:46  SCV  
  56  4:50  Supply Depot  
  56  4:51  SCV  
  56  4:52  Marine x2  
  59  4:55  Siege Tank  
  59  4:56  Marine  
  64  5:02  Supply Depot  
  64  5:03  Marine  
  64  5:06  SCV  
  66  5:10  Marine  
  66  5:11  Marine  
  66  5:12  Combat Shield  
  68  5:14  Marine  
  68  5:15  SCV  
  68  5:18  SCV, Supply Depot  
  71  5:22  Marine  
  72  5:29  Marine, Starport Reactor  
  72  5:30  SCV  
  72  5:31  Supply Depot  
  72  5:32  Marine  
  72  5:35  Engineering Bay  
  75  5:36  Factory Reactor  
  75  5:38  SCV  
  75  5:39  Marine  
  75  5:40  Marine  
  78  5:47  Marine  
  78  5:49  Marine  
  79  5:51  SCV  
  81  5:58  Marine x2  
  81  5:59  Supply Depot  
  81  6:01  Stimpack  
  83  6:06  Marine  
  83  6:07  Marine  
  83  6:08  Terran Infantry Weapons Level 1  
  85  6:11  Medivac  
  85  6:14  Widow Mine  
  85  6:15  Widow Mine, Command Center  
  85  6:17  Marine x2  
  93  6:24  SCV x2  
  94  6:26  Marine x2  
  91  6:33  Bunker  
  91  6:36  Marine x2  
  91  6:37  Bunker  
  95  6:48  Marine  
  95  6:50  Refinery  
  59  6:54  Medivac x2  
  94  6:58  Marine, Marauder x2  
  94  7:01  SCV x2  
  102  7:03  Supply Depot  
  102  7:10  Marine  
  102  7:11  Concussive Shells  
  103  7:16  Marine  
  103  7:18  SCV  
  103  7:22  Marauder x2  
  109  7:24  SCV  
  109  7:30  Widow Mine  
  109  7:31  Widow Mine  
  109  7:41  SCV  
  109  7:44  Marine x2, Marauder x2  
  110  7:48  SCV  
  110  7:50  Medivac x2  
  101  8:00  Widow Mine x2  
  101  8:05  Marauder  
  107  8:06  Orbital Command  
  107  8:10  SCV  
  107  8:12  Barracks x2  
  107  8:14  Missile Turret  
  107  8:18  SCV  
  108  8:22  Marauder, SCV  
  108  8:23  Marine x2  
  113  8:30  Widow Mine, SCV  
  113  8:33  Missile Turret  
  116  8:36  SCV x2  
  112  8:43  Marine x2, Marauder x2  
  101  8:56  Widow Mine x2  
  101  9:02  Marine  
  106  9:03  Barracks Tech Lab x2  
  106  9:04  Marine x2, Marauder  
  110  9:10  SCV  
  110  9:11  SCV  
  109  9:29  Marine, Barracks Reactor, Supply Depot  
  109  9:30  Marine, Marauder, Barracks Tech Lab  
  109  9:31  Marauder x2  
  117  9:37  Widow Mine  
  117  9:38  Medivac  
  117  9:47  Terran Infantry Armor Level 1  
  117  9:48  Supply Depot  
  117  9:49  Supply Depot  
  117  9:50  Medivac  
  117  9:51  Marine x2, Marauder, Widow Mine  
  125  9:55  Missile Turret  
  125  10:01  Marauder  
  125  10:03  Missile Turret  
  126  10:10  Marauder  
  128  10:21  Marine, Marauder x2  
  133  10:31  Marauder x2  
  135  10:38  Orbital Command  
  131  10:43  Liberator  
  131  10:44  Marine x2, Marauder x2  
  135  10:51  Liberator  
  138  11:09  Marine  
  142  11:12  Marine  
  142  11:15  Supply Depot x2  
  136  11:23  Supply Depot  
  136  11:25  Ghost Academy  
  136  11:27  SCV x2  
  136  11:28  Liberator  
  136  11:34  Liberator  
  136  11:42  Marine x2  
  148  11:54  Missile Turret  
  148  11:55  Ghost x4  
  149  12:13  Marine x2  
  151  12:23  Command Center  
  151  12:25  Marauder x4  
  151  12:28  Widow Mine x2  
  163  12:34  Marine x2  
  165  12:41  Liberator  
  165  12:43  Supply Depot x2  
  165  12:46  Marauder, Supply Depot  
  165  12:47  Marauder  
  171  12:59  Marine x2  
  171  13:05  Widow Mine x2  
  177  13:11  Marine x2  
  179  13:15  SCV x2  
  174  13:26  Marine x2, Marauder x2, Widow Mine  
  163  13:29  Widow Mine  
  151  13:37  Medivac  
  151  13:38  Marine x2  
  133  13:44  Marine x2  
  133  13:48  Widow Mine  
  133  13:50  Widow Mine  
  132  13:56  Marine  
  132  13:58  Marauder x3  
  132  14:01  Refinery  
  135  14:05  Refinery  
Show
View Real Time Build Order
Export as new Build Order

Classic Protoss 

Build Orders: 1 Gate Expand, Oracle Opening 

Get SALT Encoding   

  12  0:00  Probe  
  13  0:12  Probe  
  14  0:17  Pylon  
  14  0:24  Probe  
  15  0:32  Probe  
  15  0:36  Gateway  
  15  0:40  Probe  
  16  0:45  Assimilator  
  17  0:51  Probe  
  18  1:03  Probe  
  20  1:25  Cybernetics Core  
  19  1:30  Nexus  
  19  1:35  Zealot  
  21  1:43  Pylon  
  21  1:46  Probe  
  22  1:51  Assimilator  
  22  1:53  Adept  
  22  1:58  Probe  
  25  2:10  Probe  
  26  2:22  Adept, Probe  
  28  2:31  Stargate  
  28  2:34  Probe  
  29  2:41  Warp Gate  
  29  2:43  Probe  
  30  2:46  Probe  
  31  2:55  Probe x2, Stalker  
  33  3:03  Probe x2  
  35  3:07  Oracle  
  37  3:13  Probe x2  
  42  3:25  Probe, Pylon  
  44  3:27  Probe  
  44  3:34  Oracle  
  44  3:37  Probe  
  44  3:39  Probe  
  46  3:44  Gateway  
  49  3:51  Gateway  
  49  3:54  Shield Battery  
  49  3:57  Probe  
  49  3:58  Probe  
  49  4:02  Pylon  
  51  4:11  Probe x2  
  51  4:14  Assimilator  
  53  4:20  Phoenix  
  53  4:24  Probe x2  
  57  4:26  Assimilator  
  54  4:36  Probe x2  
  54  4:38  Nexus  
  56  4:41  Pylon  
  56  4:48  Probe x2  
  58  4:55  Twilight Council  
  58  4:56  Sentry, Forge  
  60  5:04  Sentry, Probe x2  
  60  5:05  Blink  
  64  5:08  Protoss Ground Weapons Level 1  
  64  5:09  Robotics Facility  
  64  5:16  Probe x2  
  66  5:23  Pylon  
  66  5:28  Probe x2  
  68  5:35  Gateway  
  68  5:38  Gateway  
  68  5:41  Gateway  
  68  5:49  Probe x2  
  70  5:54  Gateway x2  
  70  5:56  Probe  
  71  5:58  Sentry  
  71  5:59  Sentry  
  71  6:01  Pylon  
  71  6:02  Observer  
  75  6:04  Stalker  
  79  6:11  Probe x3  
  79  6:15  Pylon  
  79  6:16  Pylon  
  79  6:25  Stalker  
  79  6:28  Stalker x2  
  79  6:34  Adept x2  
  72  6:52  Warp Prism  
  71  6:56  Stalker x4  
  81  7:11  Stalker x2  
  85  7:19  Pylon  
  85  7:21  Pylon  
  85  7:23  Pylon  
  77  7:51  Stalker x6  
  77  7:52  Stalker  
  81  8:05  Sentry  
  81  8:20  Stalker x5  
  81  8:21  Stalker x2  
  95  8:30  Pylon  
  91  8:45  Stalker x4  
  91  8:47  Zealot  
  91  8:50  Zealot  
  91  8:53  Sentry x2  
  94  9:15  Nexus  
  88  9:17  Probe x2  
  88  9:19  Stalker x2  
  78  9:29  Probe x2  
  78  9:38  Probe x2  
  80  9:40  Sentry x2, Protoss Ground Armor Level 1  
  86  9:46  Stalker  
  88  9:55  Charge, Adept  
  90  10:02  Probe x2  
  92  10:10  Observer  
  92  10:14  Probe x2  
  93  10:22  Sentry, Immortal  
  95  10:32  Stalker  
  99  10:36  Zealot x2  
  97  10:51  Zealot x4  
  97  10:54  Immortal  
  97  10:56  Sentry  
  109  11:09  Sentry x2  
  113  11:17  Protoss Ground Armor Level 2  
  111  11:19  Zealot x3  
  115  11:27  Probe x3  
  118  11:36  Templar Archives  
  116  11:41  Zealot x2  
  120  11:51  Psionic Storm  
  120  11:55  Probe x3  
  123  12:09  Assimilator  
  123  12:11  Assimilator  
  123  12:14  Pylon  
  123  12:16  High Templar, Pylon  
  125  12:26  Pylon  
  125  12:32  Probe x3  
  125  12:33  High Templar x2  
  132  12:38  Zealot x3  
  132  12:39  Zealot  
  140  12:46  High Templar  
  142  12:58  Pylon  
  142  13:00  Pylon  
  142  13:04  High Templar x2  
  146  13:10  Stalker  
  146  13:11  Stalker  
  138  13:26  Stalker x4  
  96  13:35  Archon  
  96  13:39  Archon  
  96  13:41  Archon  
  86  13:42  Zealot x3  
  70  13:56  Zealot x2  
  70  14:00  Zealot  
  76  14:04  Zealot  
  76  14:09  Zealot x2  
  68  14:12  Zealot  

Tags
 
Add a new tag
Caveats
  • Supply blocks, unpowered buildings, or Contaminate may cause inaccurate times.
  • Supply counts are checked every 10 seconds.